 Dungeon Crawl Stone Soup version 0.30-a0-475-g03497ec522 (webtiles) character file.

Game seed: 5277339731414612056

3494669 tnk the Invulnerable (level 26, 266/266 HPs)
             Began as a Minotaur Fighter on Dec 19, 2022.
             Was a High Priest of Qazlal.
             Escaped with the Orb
             ... and 5 runes on Dec 20, 2022!
             The game lasted 03:59:21 (60490 turns).

tnk the Invulnerable (Minotaur Fighter)            Turns: 60490, Time: 03:59:22

Health: 266/266    AC: 53    Str: 23    XL:     26   Next: 67%
Magic:  37/37      EV: 10    Int:  6    God:    Qazlal [*****.]
Gold:   3304       SH:  6    Dex: 12    Spells: 25/25 levels left

rFire   + + +      SeeInvis .    b - +8 lajatang "Akhluh" {vorpal, rN+++}
rCold   + + +      Faith    .    (shield currently unavailable)
rNeg    + + +      Spirit   .    U - +9 scales of the Dragon King {rPois rF+ rC+ Will+}
rPois   +          Reflect  .    o - +5 hat of Wu Jian's Displeasure {+Blink +Inv rF++ Int-5}
rElec   +          Harm     .    Z - scarf {shadows}
rCorr   +          Rampage  .    V - +4 pair of gloves "Ozunigg" {Will+ Stlth+}
Will    +++..                    v - +1 pair of boots of Apliegho {rElec rCorr}
Stlth   ..........               C - amulet of regeneration
HPRegen 1.44/turn                O - ring "Gisydedgh" {rC+ rCorr Slay+3}
MPRegen 0.25/turn                R - ring of Elyvilon, Hurling {rPois rF+ rN+ Int-2 Slay+3}

@: studying Unarmed Combat, repel missiles
A: horns 2, retaliatory headbutt, iridescent scales 1, clever 1, cold resistance
1, deterioration 1, shaggy fur 1, weak 1, subdued magic 2, inability to drink
after injury 1, devolution 1
0: Orb of Zot
}: 5/15 runes: decaying, slimy, silver, abyssal, gossamer
a: Renounce Religion, Evoke Blink, Evoke Invisibility, Upheaval, Elemental
Force, Disaster Area


You escaped.
You worshipped Qazlal.
Qazlal was extremely pleased with you.
You visited 14 branches of the dungeon, and saw 59 of its levels.
You visited the Abyss 1 time.
You also visited: Gauntlet.

You collected 8344 gold pieces.
You spent 5040 gold pieces at shops.

Inventory:

Hand Weapons
 a - a +9 demon whip of flaming
 b - the +8 lajatang "Akhluh" (weapon) {vorpal, rN+++}
   (You found it on level 3 of the Elven Halls)

   It inflicts extra damage upon your enemies.
   rN:        It renders you almost immune to negative energy.
Armour
 h - the +2 shield of Resistance {rF++ rC++ Will++}
   (You found it on level 12 of the Dungeon)

   rF:        It greatly protects you from fire.
   rC:        It greatly protects you from cold.
   Will:      It greatly increases your willpower.
 o - the +5 hat of Wu Jian's Displeasure (worn) {+Blink +Inv rF++ Int-5}
   (You acquired it on level 3 of the Spider Nest)

   Int:       It affects your intelligence (-5).
   rF:        It greatly protects you from fire.
   +Inv:      It lets you turn invisible.
   +Blink:    It lets you blink.
 v - the +1 pair of boots of Apliegho (worn) {rElec rCorr}
   (You bought it in a shop on level 3 of the Vaults)

   rElec:     It insulates you from electricity.
   rCorr:     It protects you from acid and corrosion.
 F - the +3 pair of seven-league boots {Rampage+∞}
   (You found it on level 3 of the Elven Halls)

   Its wearer moves as far as possible in that direction when moving towards
   enemies.
 U - the +9 scales of the Dragon King (worn) {rPois rF+ rC+ Will+}
   (You found it on level 3 of the Swamp)

   rF:        It protects you from fire.
   rC:        It protects you from cold.
   rPois:     It protects you from poison.
   Will:      It increases your willpower.
 V - the +4 pair of gloves "Ozunigg" (worn) {Will+ Stlth+}
   (You acquired it on level 1 of the Spider Nest)

   Will:      It increases your willpower.
   Stlth:     It makes you more stealthy.
 Z - a scarf of shadows (worn)
Jewellery
 f - a ring of positive energy
 n - the amulet of Vuutusch {Spirit Rampage rPois Int+5}
   (You found it on level 5 of the Vaults)

   [amulet of guardian spirit]

   It causes incoming damage to be divided between your reserves of health and
   magic.
   Int:       It affects your intelligence (+5).
   rPois:     It protects you from poison.
   Rampage:   It bestows one free step when moving towards enemies.
 y - the ring "Kulorofo" {rElec AC+4}
   (You took it off an orc wizard on level 9 of the Dungeon)

   [ring of protection]

   AC:        It affects your AC (+4).
   rElec:     It insulates you from electricity.
 C - an amulet of regeneration (around neck)
 M - a ring of see invisible
 O - the ring "Gisydedgh" (left hand) {rC+ rCorr Slay+3}
   (You found it in a Gauntlet)

   [ring of resist corrosion]

   Slay:      It affects your accuracy & damage with ranged weapons and melee
   (+3).
   rC:        It protects you from cold.
   rCorr:     It protects you from acid and corrosion.
 R - the ring of Elyvilon, Hurling (right hand) {rPois rF+ rN+ Int-2 Slay+3}
   (You found it on level 3 of the Elven Halls)

   [ring of poison resistance]

   Int:       It affects your intelligence (-2).
   Slay:      It affects your accuracy & damage with ranged weapons and melee
   (+3).
   rF:        It protects you from fire.
   rPois:     It protects you from poison.
   rN:        It protects you from negative energy.
 Y - an amulet of reflection
Wands
 l - a wand of paralysis (65)
 q - a wand of flame (50)
 B - a wand of polymorph (44)
 E - a wand of quicksilver (14)
 G - a wand of digging (23)
 I - a wand of mindburst (38)
 P - a wand of iceblast (29)
Scrolls
 c - 2 scrolls of poison
 m - 3 scrolls of silence
 t - 4 scrolls of blinking
 z - 20 scrolls of teleportation
 A - a scroll of enchant armour
 H - 5 scrolls of brand weapon
 L - 11 scrolls of fog
 N - a scroll of immolation
 Q - a scroll of summoning
 T - a scroll of fear
Potions
 d - 2 potions of might
 e - 10 potions of ambrosia
 g - 8 potions of flight
 j - 7 potions of brilliance
 k - 17 potions of curing
 s - 2 potions of magic
 D - 3 potions of cancellation
 K - 4 potions of resistance
 S - a potion of haste
 W - a potion of berserk rage
 X - 5 potions of invisibility
Miscellaneous
 i - a piece from Xom's chessboard (15/15)
 p - a phial of floods
 r - the horn of Geryon
 w - a lightning rod (4/4)
 x - a phantom mirror


   Skills:
 O Level 27 Fighting
 - Level 16.0(20.4) Axes
 - Level 20.8(24.5) Maces & Flails
 * Level 16.5(20.8) Staves
 - Level 6.0 Throwing
 O Level 27 Armour
 + Level 9.4 Dodging
 - Level 17.9 Shields
 - Level 5.4 Unarmed Combat
 + Level 22.0 Invocations
 - Level 9.0 Evocations


You had 25 spell levels left.
You didn't know any spells.
Your spell library contained the following spells:

 Spells                   Type           Power      Damage    Failure   Level
 Apportation              Tloc           0%         N/A       98%         1
 Beastly Appendage        Tmut           0%         N/A       98%         1
 Foxfire                  Conj/Fire      0%         2x1d4     98%         1
 Freeze                   Ice            0%         1d3       98%         1
 Magic Dart               Conj           0%         1d3       98%         1
 Necrotise                Necr           0%         1d4       98%         1
 Sandblast                Erth           0%         2d4       98%         1
 Shock                    Conj/Air       0%         1d3       98%         1
 Slow                     Hex            0%         N/A       98%         1
 Call Imp                 Summ           0%         N/A       99%         2
 Cigotuvi's Dreadful Rot  Necr/Pois/Air  0%         N/A       99%         2
 Ensorcelled Hibernation  Hex/Ice        0%         N/A       99%         2
 Passwall                 Tmut/Erth      0%         N/A       99%         2
 Scorch                   Fire           0%         2d5       99%         2
 Sublimation of Blood     Necr           0%         N/A       99%         2
 Wereblood                Tmut           0%         N/A       99%         2
 Call Canine Familiar     Summ           0%         N/A       100%        3
 Confusing Touch          Hex            0%         N/A       100%        3
 Dazzling Flash           Conj/Hex       0%         N/A       100%        3
 Frozen Ramparts          Ice            0%         1d1       100%        3
 Hailstorm                Conj/Ice       0%         3d3       100%        3
 Ignite Poison            Fire/Tmut/Pois 0%         N/A       100%        3
 Inner Flame              Hex/Fire       0%         N/A       100%        3
 Mephitic Cloud           Conj/Pois/Air  0%         N/A       100%        3
 Ozocubu's Armour         Ice            0%         N/A       100%        3
 Portal Projectile        Hex/Tloc       0%         N/A       100%        3
 Spider Form              Tmut/Pois      0%         N/A       100%        3
 Stone Arrow              Conj/Erth      0%         3d7       100%        3
 Swiftness                Air            0%         N/A       100%        3
 Tukima's Dance           Hex            0%         N/A       100%        3
 Vampiric Draining        Necr           0%         2d6       100%        3
 Airstrike                Air            0%         2d(0-16)  100%        4
 Anguish                  Hex/Necr       0%         N/A       100%        4
 Animate Armour           Summ/Erth      0%         N/A       100%        4
 Animate Dead             Necr           0%         N/A       100%        4
 Cause Fear               Hex            0%         N/A       100%        4
 Dispel Undead            Necr           0%         3d6       100%        4
 Iskenderun's Mystic Bla  Conj/Tloc      0%         2d3       100%        4
 Leda's Liquefaction      Hex/Erth       0%         N/A       100%        4
 Olgreb's Toxic Radiance  Pois           0%         N/A       100%        4
 Petrify                  Tmut/Erth      0%         N/A       100%        4
 Sticky Flame             Conj/Fire      0%         2d3       100%        4
 Summon Lightning Spire   Summ/Air       0%         N/A       100%        4
 Agony                    Necr           0%         N/A       100%        5
 Alistair's Intoxication  Tmut/Pois      0%         N/A       100%        5
 Blade Hands              Tmut           0%         N/A       100%        5
 Borgnjor's Vile Clutch   Necr/Erth      0%         N/A       100%        5
 Fireball                 Conj/Fire      0%         3d3       100%        5
 Metabolic Englaciation   Hex/Ice        0%         N/A       100%        5
 Silence                  Hex/Air        0%         N/A       100%        5
 Death Channel            Necr           0%         N/A       100%        6
 Iron Shot                Conj/Erth      0%         9d1       100%        6
 Simulacrum               Ice/Necr       0%         N/A       100%        6
 Starburst                Conj/Fire      0%         6d3       100%        6
 Statue Form              Tmut/Erth      0%         N/A       100%        6
 Ozocubu's Refrigeration  Ice            0%         4d7       100%        7
 Storm Form               Tmut/Air       0%         N/A       100%        7
 Borgnjor's Revivificati  Necr           0%         N/A       100%        8
 Discord                  Hex            0%         N/A       100%        8
 Ignition                 Fire           0%         3d3       100%        8
 Maxwell's Capacitive Co  Air            0%         ∞         100%        8
 Necromutation            Tmut/Necr      0%         N/A       100%        8
 Chain Lightning          Conj/Air       0%         N/A       100%        9
 Death's Door             Necr           0%         N/A       100%        9
 Fire Storm               Conj/Fire      0%         5d1       100%        9
 Shatter                  Erth           0%         3d5*      100%        9


Dungeon Overview and Level Annotations

Branches:
Dungeon (15/15)            Temple (1/1) D:7            Lair (5/5) D:8
  Swamp (4/4) Lair:2       Spider (4/4) Lair:2        Slime (5/5) Lair:4
    Orc (2/2) D:12            Elf (3/3) Orc:2        Vaults (5/5) D:14
  Crypt (2/3) Vaults:3     Depths (4/4) D:15           Hell (visited)
    Geh (3/7) Hell            Zot (5/5) Depths:4    Gauntlet (visited)
    Dis: Hell:1         Coc: Hell:1         Tar: Hell:1

Altars:
Ashenzari
Cheibriados
Dithmenos
Elyvilon
Fedhas
Gozag
Hepliaklqana
Kikubaaqudgha
Makhleb
Nemelex Xobeh
Okawaru
Qazlal
Ru
Sif Muna
Trog
Uskayaw
Vehumet
Wu Jian
Xom
Yredelemnul
Zin
The Shining One
Jiyva

Shops:
D:4 ([   D:5 (   D:6 !   D:12 (   Orc:2 *?=:   Vaults:3 *   Vaults:4 *
Depths:1 :   Depths:2 *   Depths:4 ?

Portals:
Hell: Depths:1 Depths:2 Depths:3 Depths:4
Abyss: Depths:3
Pandemonium: Depths:2
Ziggurat: Depths:1
Trove: D:13 (give +7 demon blade)

Annotations:
D:12 1 runed translucent door


Innate Abilities, Weirdness & Mutations

You have a pair of horns on your head.
You reflexively headbutt those who attack you in melee.
You are partially covered in iridescent scales. (AC +2)
Your mind is acute. (Int +4, Str/Dex -1)
Your flesh is cold resistant. (rC+)
Your body sometimes deteriorates upon taking damage.
You are covered in fur. (AC +1)
You are weak. (Str -2)
Your spells are easier to cast, but less powerful.
You occasionally lose the ability to drink potions when taking damage.
You have hidden genetic defects.


Message History

Aiming: Dig
Press: ? - help, Shift-Dir - straight line A rock wall.
This square is covered in magical glow.
The rock shatters into small pieces.
There is a stone staircase leading up here.
You hear an angry hiss.
You climb upwards.
There is a stone staircase leading down here.
There is a stone staircase leading up here.
You climb upwards.
There is a stone staircase leading down here.
A great orb of eyes comes into view.
There is a stone staircase leading up here.
The great orb of eyes gazes at you. You resist with almost no effort.
You climb upwards.
There is a stone staircase leading down here.
(D) Dungeon (T) Temple (L) Lair (S) Swamp (N) Spider Nest (M) Slime Pits (O) Orcish Mines (E) Elven Halls (V) Vaults (C) Crypt (U) Depths (H) Hell (G) Gehenna (Z) Zot
Where to? (Enter - D:1, ? - help)
Your protection from fire is fading.
A green death comes into view.
You feel less protected from fire. The green death gestures at you.
The poison arrow is repelled.
There is an escape hatch in the ceiling here.
A mysterious force pulls you upwards. The hatch slams shut behind you.
There is a stone staircase leading up here.
You climb upwards.
There is a stone staircase leading down here.
There is a stone staircase leading up here.
You climb upwards.
There is a stone staircase leading down here.
You see here a +2 vampiric hand axe.
There is an open door here.
There is a staircase leading out of the dungeon here.
You have escaped!

### #...####.#+### ..## #...#
#.#.# #..## #...#
#...############## ##..## #...#
##................ ##..# #...#
#...############# ##.# #...#
###..## #.## ##.### ##..# #..#
#.#.#######..# ##.#
#.#.#..@..#..# #####.#
#.#.+°..○.°..# ...##.##
#.#.#..8..#..#
...##..###.#.'..°..+..#
...###..##.#.#.....#..###########
...# ##.##.#.##'#+##..##.........
...# #....####.#.###.##.########
...# ###..#.#....###.##.#
...######................#


There were no monsters in sight!

Vanquished Creatures
  the Royal Jelly (Slime:5)
  3 dread liches
  4 ancient liches
  3 orbs of fire
  Vv (Depths:4)
  Josephina (Zot:1)
  4 Killer Klowns
  Margery (Depths:3)
  5 caustic shrikes (Depths:4)
  5 golden dragons
  Arachne (Spider:2)
  A Brimstone Fiend (Zot:3)
  A bone dragon (Depths:4)
  4 electric golems
  23 Orb Guardians
  2 searing wretches
  Rupert (Lair:5)
  22 tentacled monstrosities
  6 liches
  2 deep elf blademasters
  4 quicksilver dragons
  A walking frostbound tome (Depths:4)
  An ancient champion (Crypt:2)
  15 acid blobs
  7 titans
  4 deep elf master archers (Elf:3)
  10 sphinxes
  2 death cobs (Zot:1)
  3 tentacled starspawn (Abyss:4)
  10 tengu reavers
  5 shadow dragons
  8 storm dragons
  11 azure jellies
  Donald (Elf:3)
  2 draconian monks
  8 rockslimes
  7 fire giants
  2 draconian knights
  2 fenstrider witches
  6 iron dragons
  12 frost giants
  5 emperor scorpions
  6 deep elf sorcerers
  Aizul (Depths:1)
  Louise (Swamp:1)
  22 vault wardens
  5 balrugs
  3 curse skulls
  2 draconian annihilators
  9 draconian scorchers
  8 deep elf elementalists (Elf:3)
  2 angels (Vaults:2)
  4 ghouls (Crypt:2)
  7 ghost moths
  6 draconian stormcallers
  23 ironbound preservers
  A quicksilver ooze (shapeshifter) (D:15)
  20 very ugly things
  8 ironbound thunderhulks
  8 quicksilver oozes
  9 reapers
  4 war gargoyles
  The ghost of Ziureph the Basher, a journeyman TrFi of Ashenzari (Elf:1)
  13 stone giants
  A broodmother (Spider:2)
  10 green draconians
  7 deep elf demonologists
  5 bunyips
  9 vampire knights
  2 eleionomae (Swamp:2)
  6 black draconians
  8 deep elf annihilators
  A juggernaut skeleton (Hell)
  9 white draconians
  5 dire elephants
  5 purple draconians
  5 spark wasps
  8 yellow draconians
  2 eidola
  A blizzard demon (Hell)
  5 red draconians
  A minotaur (Gauntlet)
  Snorg (D:10)
  11 ettins
  9 deep elf death magi
  9 ice dragons
  9 fire dragons
  5 entropy weavers
  5 great orbs of eyes
  A shambling mangrove (Swamp:1)
  2 spriggan zombies (Hell)
  9 deep elf high priests
  24 hydras
  A spriggan air mage (Depths:4)
  15 yaktaur captains
  2 rakshasas
  34 vault guards
  2 ghost crabs
  A hell beast (Depths:1)
  3 peacekeepers
  2 ogre magi (Vaults:5)
  12 centaur warriors
  7 ironbound frosthearts
  5 jorogumos
  A salamander tyrant (Geh:3)
  A spriggan skeleton (Hell)
  2 radroaches
  27 dancing weapons
  2 two-headed ogres
  4 catoblepae
  12 alligators
  3 death knights
  14 death yaks
  9 boulder beetles
  5 deep troll shamans
  3 death scarabs
  16 hell hogs
  5 thrashing horrors (Abyss:4)
  5 deep troll earth magi
  2 tengu warriors
  Urug (D:11)
  4 orc high priests
  6 spriggan berserkers
  19 deep elf knights
  5 vampire magi
  6 spriggans
  31 hell knights
  16 sun demons
  5 wretched stars
  4 skeletal warriors
  7 soul eaters
  3 iron trolls
  A sixfirhy (Abyss:4)
  3 storm dragon skeletons
  62 deep trolls
  6 pharaoh ants
  9 swamp dragons
  5 goliath frogs
  2 spriggan druids (Swamp:3)
  2 sun moths
  Lodul (D:10)
  3 flayed ghosts
  3 steelbarb worms
  A glowing orange brain (Vaults:1)
  5 bog bodies
  A tengu zombie (Depths:2)
  10 orb spiders
  Pikel (D:7)
  20 lindwurms
  12 deep elf archers
  20 ironbound convokers
  A harpy (shapeshifter) (D:14)
  An anaconda skeleton (Hell)
  An obsidian statue (Zot:5)
  8 wizards
  5 phantasmal warriors
  6 orc knights
  An iron dragon zombie (Crypt:1)
  27 deep elf pyromancers
  8 orc sorcerers
  13 necromancers
  26 wolf spiders
  34 deep elf zephyrmancers
  4 will-o-the-wisps
  42 ugly things
  13 cyclopes
  6 manticores
  A salamander (D:15)
  9 elephants
  4 shining eyes
  A shadow dragon skeleton (Depths:2)
  31 moths of wrath
  A stone giant skeleton (Hell)
  3 smoke demons (Hell)
  14 vault sentinels
  6 black mambas
  A dire elephant zombie (Crypt:1)
  An apocalypse crab (Abyss:4)
  2 gargoyles
  3 torpor snails
  17 cane toads
  A cane toad (shapeshifter) (Elf:3)
  A steelbarb worm zombie (Crypt:1)
  A dire elephant skeleton (Hell)
  5 komodo dragons
  2 minotaur zombies (Gauntlet)
  2 eyes of devastation
  An efreet (D:7)
  3 unseen horrors
  A green draconian zombie (Crypt:1)
  6 demonic crawlers
  A hellion (Geh:3)
  A kobold demonologist (D:9)
  2 freezing wraiths
  3 rime drakes
  3 tengu conjurers
  A tormentor (Geh:2)
  24 yaktaurs
  3 ancient zymes
  3 red devils
  2 ice devils
  A meliai (shapeshifter) (D:15)
  7 trolls
  Grinder (D:4)
  5 polar bears
  A tengu simulacrum (Vaults:2)
  6 tyrant leeches
  3 meliai (D:14)
  2 tarantellas (shapeshifter)
  24 tarantellas
  13 hornets
  2 harpy skeletons
  5 large abominations
  A moth of wrath zombie (Crypt:1)
  17 blink frogs
  60 slime creatures
  3 raiju (Abyss:4)
  A great orb of eyes zombie (Crypt:2)
  A jumping spider zombie (Crypt:1)
  2 dream sheep (Lair:4)
  28 jumping spiders
  10 flying skulls (Crypt:1)
  3 shadows
  An air elemental (Elf:3)
  22 culicivoras
  A spriggan (shapeshifter) (Vaults:5)
  2 water elementals
  28 starcursed masses (Abyss:4)
  A ynoxinul (Abyss:4)
  23 yaks
  An ettin skeleton (Crypt:1)
  6 vampires
  6 wyverns
  4 basilisks
  2 black mamba skeletons (Crypt:1)
  2 yaks (shapeshifter)
  8 vampire mosquitoes
  8 golden eyes
  10 wraiths
  2 fire elementals (Elf:2)
  2 chaos spawn (Abyss:4)
  2 steam dragons
  A death yak simulacrum (Lair:2)
  A red draconian simulacrum (Zot:1)
  81 redbacks
  A white draconian simulacrum (Zot:1)
  14 swamp worms
  2 wargs
  A hydra simulacrum (Hell)
  Duvessa (D:4)
  4 floating eyes
  3 acid dragons
  16 water moccasins
  A water moccasin (shapeshifter) (Gauntlet)
  11 black bears
  An ice beast (Abyss:4)
  A moth of wrath simulacrum (Zot:1)
  20 orc warriors
  A sky beast (D:6)
  A human skeleton (Vaults:2)
  9 swamp drakes
  26 wolves
  7 boggarts
  12 ogres
  8 centaurs
  3 kobold brigands
  A human zombie (Vaults:2)
  13 bullfrogs
  4 necrophages
  4 small abominations (Abyss:4)
  A gnoll sergeant (D:9)
  2 scorpions
  2 earth elementals (Elf:3)
  Dowan (D:4)
  5 wights
  An elephant simulacrum (Lair:2)
  15 killer bees
  6 howler monkeys
  5 electric eels
  8 hounds
  23 orc priests
  A jelly (D:6)
  A gnoll bouda (D:8)
  An iguana (D:7)
  4 hell rats (Hell)
  24 orc wizards
  A wolf simulacrum (Lair:2)
  A centaur simulacrum (D:9)
  A boggart simulacrum (D:13)
  21 gnolls
  5 adders
  A white imp (D:8)
  A howler monkey simulacrum (D:9)
  An ufetubus (Abyss:4)
  2 worms (D:4)
  4 dart slugs
  65 orcs
  10 endoplasms
  8 giant cockroaches
  2 goblins (D:1)
  5 hobgoblins
  A jackal (D:1)
  14 kobolds
  6 quokkas
  10 ball pythons
  2 bats
  3 frilled lizards
  A jackal zombie (Crypt:1)
  10 rats
  A fire vortex (Hell)
  2 starspawn tentacles (Abyss:4)
2233 creatures vanquished.

Vanquished Creatures (collateral kills)
  the Lernaean hydra (Swamp:4)
  Geryon (Hell)
  A tentacled monstrosity (Zot:2)
  A quicksilver dragon (Vaults:5)
  An azure jelly (Slime:5)
  The ghost of Cancer the Warrior, an adept DjHW of Makhleb (Lair:2)
  2 rockslimes (Slime:5)
  A fire giant (Vaults:5)
  A draconian monk (Zot:3)
  A draconian scorcher (Zot:3)
  2 vault wardens (Vaults:5)
  A ghoul (Crypt:2)
  A draconian stormcaller (Zot:3)
  A reaper (Hell)
  An ironbound preserver (Vaults:2)
  A white draconian (Zot:3)
  An ettin (Vaults:5)
  A yaktaur captain (Vaults:5)
  A ghost crab (Swamp:1)
  3 vault guards (Vaults:5)
  A hydra (Lair:5)
  A boulder beetle (Spider:1)
  A skeletal warrior (Crypt:1)
  5 deep trolls
  A bog body (Swamp:1)
  A deep elf zephyrmancer (Elf:2)
  A deep elf pyromancer (Elf:2)
  2 shining eyes (Slime:5)
  A rust devil (Hell)
  A torpor snail (Spider:1)
  An ice devil (Hell)
  2 jumping spiders
  2 redbacks (Vaults:5)
  A swamp worm (Swamp:1)
  A swamp drake (Swamp:4)
  A hell rat (Hell)
47 creatures vanquished.

Vanquished Creatures (others)
  A shadow dragon (Depths:3)
  2 fire giants
  A draconian knight (Zot:1)
  A spriggan (Swamp:2)
  A deep elf knight (Elf:2)
  A will-o-the-wisp (Swamp:1)
  A storm dragon simulacrum (Zot:1)
  An unseen horror (D:12)
  A tormentor (Geh:3)
  A tyrant leech (Swamp:1)
  2 bloated husks
  2 hornets
  A blink frog (Lair:4)
  A water elemental (Elf:2)
  A small abomination (Hell)
  A chaos spawn (Zot:4)
  An orc wizard (Orc:2)
  2 hell rats (Hell)
  2 orcs
  12 foxfires
  26 fungi
  25 plants
  8 starspawn tentacles (Abyss:4)
95 creatures vanquished.

Grand Total: 2375 creatures vanquished

Notes
Turn   | Place    | Note
-------+----------+-------------------------------------------
     0 | D:1      | tnk the Minotaur Fighter began the quest for the Orb.
     0 | D:1      | Reached XP level 1. HP: 19/19 MP: 0/0
   362 | D:1      | Reached XP level 2. HP: 25/27 MP: 1/1
   967 | D:1      | Reached XP level 3. HP: 33/33 MP: 2/2
  1178 | D:2      | Reached XP level 4. HP: 26/40 MP: 3/3
  1622 | D:2      | Reached skill level 5 in Shields
  1706 | D:3      | Reached XP level 5. HP: 39/46 MP: 4/4
  2257 | D:4      | Noticed Grinder
  2257 | D:4      | Noticed a black bear
  2310 | D:4      | Found Facvoiwi's Weapon Boutique.
  2320 | D:4      | Found Uruko's Armour Shop.
  2433 | D:5      | Entered Level 5 of the Dungeon
  2433 | D:5      | Found Karpheoni's Weapon Shop.
  2496 | D:5      | Reached skill level 5 in Maces & Flails
  2536 | D:5      | Reached XP level 6. HP: 49/53 MP: 5/5
  2610 | D:5      | Found a stormy altar of Qazlal.
  2642 | D:5      | Became a worshipper of Qazlal Stormbringer
  2687 | D:5      | Identified the +11 plate armour of Untold Secrets {Will+}
  2718 | D:5      | Reached skill level 5 in Fighting
  2718 | D:5      | Reached skill level 1 in Invocations
  2925 | D:5      | Reached XP level 7. HP: 51/61 MP: 7/7
  3245 | D:4      | Reached skill level 5 in Armour
  3359 | D:4      | Noticed Duvessa
  3360 | D:4      | Noticed Dowan
  3373 | D:4      | Killed Duvessa
  3378 | D:4      | Killed Dowan
  3427 | D:4      | Killed Grinder
  3609 | D:4      | Reached XP level 8. HP: 70/70 MP: 8/8
  3667 | D:4      | Found a glowing golden altar of the Shining One.
  3900 | D:4      | Found a basalt altar of Yredelemnul.
  4154 | D:6      | Found Jewueno's Distillery.
  4607 | D:6      | Bought a potion of mutation for 96 gold pieces
  4607 | D:6      | Bought a potion of flight for 36 gold pieces
  4607 | D:6      | Bought a potion of heal wounds for 60 gold pieces
  4607 | D:6      | Bought a potion of degeneration for 12 gold pieces
  4607 | D:6      | Gained mutation: Your body sometimes deteriorates upon
                  | taking damage. [potion of mutation]
  4607 | D:6      | Gained mutation: You are partially covered in iridescent
                  | scales. (AC +2) [potion of mutation]
  4607 | D:6      | Gained mutation: You have hidden genetic defects. [potion
                  | of mutation]
  4607 | D:6      | Gained mutation: You possess an exceptional clarity of
                  | mind. [potion of mutation]
  4608 | D:6      | Lost mutation: You possess an exceptional clarity of mind.
                  | [potion of mutation]
  4608 | D:6      | Lost mutation: You are partially covered in iridescent
                  | scales. (AC +2) [potion of mutation]
  4608 | D:6      | Lost mutation: You have hidden genetic defects. [potion of
                  | mutation]
  4608 | D:6      | Gained mutation: Your spells are a little harder to cast,
                  | but a little more powerful. [potion of mutation]
  4608 | D:6      | Gained mutation: You have sharp fingernails. [potion of
                  | mutation]
  4608 | D:6      | Gained mutation: Your system is resistant to poisons.
                  | (rPois) [potion of mutation]
  4638 | D:6      | Reached skill level 1 in Evocations
  5144 | D:7      | Noticed Pikel
  5155 | D:7      | Killed Pikel
  5156 | D:7      | Reached XP level 9. HP: 51/75 MP: 9/9
  5344 | D:7      | Found a staircase to the Ecumenical Temple.
  5489 | D:7      | Identified a scroll of acquirement
  5493 | D:7      | Acquired a +1 demon whip of venom
  5737 | D:7      | Reached skill level 10 in Maces & Flails
  6028 | Temple   | Entered the Ecumenical Temple
  6142 | D:8      | Reached * piety under Qazlal
  6224 | D:8      | Found a staircase to the Lair.
  6224 | D:8      | Noticed a troll
  6231 | D:8      | Killed a troll
  6477 | D:8      | Found an ornate altar of the Wu Jian Council.
  6563 | D:8      | Reached XP level 10. HP: 64/84 MP: 9/11
  6676 | D:8      | Reached ** piety under Qazlal
  7551 | Lair:1   | Entered Level 1 of the Lair of Beasts
  7616 | Lair:1   | Noticed a cane toad
  7629 | Lair:1   | Killed a cane toad
  7642 | Lair:1   | Reached skill level 10 in Armour
  7719 | Lair:1   | Upgraded the game from 0.30-a0-469-g84de5afbc5 to
                  | 0.30-a0-475-g03497ec522
  8406 | Lair:2   | Noticed a cane toad
  8479 | Lair:2   | Noticed a death yak
  8877 | D:9      | Noticed a cyclops
  8877 | D:9      | Noticed a cyclops
  8900 | D:10     | Entered Level 10 of the Dungeon
  8944 | D:10     | Noticed Snorg
  8974 | D:10     | Killed Snorg
  9230 | D:10     | Reached *** piety under Qazlal
  9268 | D:10     | Reached XP level 11. HP: 95/95 MP: 13/13
  9339 | D:10     | Noticed Lodul
  9425 | D:10     | Reached skill level 5 in Invocations
  9433 | D:10     | Killed Lodul
  9990 | D:11     | Noticed a two-headed ogre
  9998 | D:11     | Killed a two-headed ogre
  9999 | D:11     | Reached skill level 10 in Shields
 10079 | D:11     | Reached skill level 10 in Fighting
 10124 | D:11     | Found a snail-covered altar of Cheibriados.
 10528 | D:11     | Noticed Urug
 10546 | D:11     | Killed Urug
 10779 | D:9      | Found a white marble altar of Elyvilon.
 10779 | D:9      | Found a radiant altar of Vehumet.
 10865 | D:9      | Identified the +5 plate armour "Wil Ach" {rC+ Str+6 Stlth-}
 10877 | D:9      | Got the Guide on Left-Handed Deeds
 10897 | D:9      | Identified the +4 leather armour "Garchas" {rElec Int+2}
 10947 | D:9      | Identified the ring "Kulorofo" {rElec AC+4}
 11050 | D:9      | Noticed a deep elf pyromancer
 11053 | D:9      | Killed a deep elf pyromancer
 11094 | D:9      | Reached XP level 12. HP: 89/106 MP: 11/15
 11094 | D:9      | Identified the +6 falchion "Egriri" {venom, rPois rC+
                  | Dex+2}
 11190 | D:9      | Reached **** piety under Qazlal
 11818 | Lair:2   | Reached skill level 15 in Shields
 11852 | Lair:2   | Found a hole to the Spider Nest.
 11874 | Lair:2   | Reached skill level 1 in Dodging
 11892 | Spider:1 | Entered Level 1 of the Spider Nest
 11896 | Spider:1 | Noticed an emperor scorpion
 11963 | Lair:2   | Noticed a death yak
 11964 | Lair:2   | Noticed a death yak
 11994 | Lair:2   | Killed a death yak
 12005 | Lair:2   | Killed a death yak
 12013 | Lair:2   | Killed a death yak
 12516 | Lair:2   | Reached ***** piety under Qazlal
 12577 | Lair:2   | Found a staircase to the Swamp.
 12640 | Lair:2   | Found a runed translucent door.
 12647 | Lair:2   | Noticed Cancer's ghost (adept DjHW)
 12701 | Lair:2   | Killed Cancer's ghost
 13388 | Lair:3   | Reached XP level 13. HP: 116/116 MP: 17/17
 14198 | Lair:4   | Found a gate leading to a gauntlet.
 14207 | Gauntlet | Entered a Gauntlet
 14207 | Gauntlet | Found a transporter.
 14210 | Gauntlet | Found a transporter.
 14212 | Gauntlet | Found a transporter.
 14226 | Gauntlet | Found a transporter.
 14228 | Gauntlet | Found a transporter.
 14252 | Gauntlet | Found a transporter.
 14268 | Gauntlet | Found a transporter.
 14271 | Gauntlet | Found a transporter.
 14349 | Gauntlet | Noticed a dire elephant
 14363 | Gauntlet | Found a transporter.
 14363 | Gauntlet | Identified the ring "Gisydedgh" {rC+ rCorr Slay+3}
 14369 | Gauntlet | Found a runed translucent gate.
 14372 | Gauntlet | Found a runed translucent gate.
 14373 | Gauntlet | Found a runed translucent gate.
 14375 | Gauntlet | Found a transporter.
 14397 | Gauntlet | Killed a dire elephant
 14422 | Gauntlet | Found a transporter.
 14438 | Gauntlet | Noticed a minotaur
 14452 | Gauntlet | Killed a minotaur
 14666 | Lair:4   | Reached skill level 5 in Dodging
 14865 | Lair:4   | Found a staircase to the Slime Pits.
 14865 | Lair:4   | Found a viscous altar of Jiyva.
 14910 | Slime:1  | Entered Level 1 of the Pits of Slime
 14912 | Slime:1  | Noticed a quicksilver ooze
 14913 | Slime:1  | Noticed an azure jelly
 15206 | Lair:4   | Found a sparkling altar of Nemelex Xobeh.
 15503 | Lair:5   | Entered Level 5 of the Lair of Beasts
 15820 | Lair:5   | Reached XP level 14. HP: 127/127 MP: 19/19
 16183 | Lair:5   | Noticed Rupert
 16209 | Lair:5   | Killed Rupert
 16297 | Lair:5   | Reached skill level 5 in Evocations
 16611 | Lair:5   | Reached skill level 10 in Invocations
 16743 | Swamp:1  | Entered Level 1 of the Swamp
 16841 | Swamp:1  | Noticed Louise
 16872 | Swamp:1  | Killed Louise
 17784 | Swamp:2  | Reached XP level 15. HP: 125/137 MP: 18/21
 18001 | Swamp:2  | Noticed a fenstrider witch
 18019 | Swamp:2  | Killed a fenstrider witch
 18020 | Swamp:2  | Reached skill level 1 in Throwing
 18208 | Swamp:2  | Found a burning altar of Makhleb.
 18701 | Swamp:3  | Found the +9 scales of the Dragon King {rPois rF+ rC+
                  | Will+}
 18762 | Swamp:3  | Reached skill level 15 in Maces & Flails
 19282 | Swamp:4  | Entered Level 4 of the Swamp
 19292 | Swamp:4  | Reached skill level 15 in Armour
 19411 | Swamp:4  | Noticed a fenstrider witch
 19423 | Swamp:4  | Killed a fenstrider witch
 19789 | Swamp:4  | Noticed the 27-headed Lernaean hydra
 19805 | Swamp:4  | Killed the 27-headed Lernaean hydra
 19806 | Swamp:4  | Reached XP level 16. HP: 76/147 MP: 1/23
 19832 | Swamp:4  | Got a decaying rune of Zot
 20390 | Lair:2   | Reached skill level 15 in Fighting
 20391 | Lair:2   | Lost mutation: Your system is resistant to poisons. (rPois)
                  | [potion of mutation]
 20391 | Lair:2   | Lost mutation: Your spells are a little harder to cast, but
                  | a little more powerful. [potion of mutation]
 20391 | Lair:2   | Lost mutation: Your body sometimes deteriorates upon taking
                  | damage. [potion of mutation]
 20391 | Lair:2   | Gained mutation: Your spells are a little harder to cast,
                  | but a little more powerful. [potion of mutation]
 20391 | Lair:2   | Gained mutation: You are partially covered in iridescent
                  | scales. (AC +2) [potion of mutation]
 20512 | Spider:1 | Reached skill level 5 in Throwing
 21088 | Spider:1 | Acquired the +4 pair of gloves "Ozunigg" {Will+ Stlth+}
 21779 | Spider:2 | Noticed Arachne
 21813 | Spider:2 | Killed Arachne
 23114 | Spider:3 | Reached XP level 17. HP: 66/151 MP: 13/25
 23561 | Spider:3 | Identified the +1 chain mail "Keugiezu" {rElec rF+ rC+
                  | Slay-2}
 23791 | Spider:3 | Acquired the +5 hat of Wu Jian's Displeasure {+Blink +Inv
                  | rF++ Int-5}
 24000 | Spider:4 | Entered Level 4 of the Spider Nest
 25059 | Spider:4 | Got a gossamer rune of Zot
 25774 | D:12     | Found a staircase to the Orcish Mines.
 25792 | Orc:1    | Entered Level 1 of the Orcish Mines
 26222 | Orc:2    | Entered Level 2 of the Orcish Mines
 26463 | Orc:2    | Found a staircase to the Elven Halls.
 26676 | Orc:2    | Found Jopledig's Jewellery Emporium.
 26680 | Orc:2    | Found Irrexeh's Assorted Antiques.
 26686 | Orc:2    | Bought 2 potions of might for 224 gold pieces
 26686 | Orc:2    | Bought the +8 frozen axe "Frostbite" {freezing cloud,
                  | *Noise Fly rC+} for 1976 gold pieces
 26686 | Orc:2    | Found the +8 frozen axe "Frostbite" {freezing cloud, *Noise
                  | Fly rC+}
 26796 | Orc:2    | Found Jadghic's Book Emporium.
 26797 | Orc:2    | Found Wyxomet's Magic Scroll Shop.
 26801 | Orc:2    | Bought a scroll of enchant weapon for 135 gold pieces
 26801 | Orc:2    | Bought a scroll of teleportation for 54 gold pieces
 26801 | Orc:2    | Bought a scroll of enchant armour for 135 gold pieces
 26801 | Orc:2    | Bought a scroll of fog for 72 gold pieces
 26975 | Elf:1    | Entered Level 1 of the Elven Halls
 26984 | Elf:1    | Reached skill level 1 in Axes
 27424 | D:12     | Found Ufokivu's Antique Weapon Shoppe.
 27516 | D:12     | Found a runed translucent door.
 27516 | D:12     | Found the +2 shield of Resistance {rF++ rC++ Will++}
 27520 | D:12     | Found a runed translucent door.
 27857 | D:13     | Reached XP level 18. HP: 169/169 MP: 27/27
 27864 | D:13     | Found a portal to a secret trove of treasure.
 27871 | D:13     | Acquired 631 gold pieces
 28034 | Orc:2    | Bought a manual of Fighting for 880 gold pieces
 28774 | D:14     | Reached skill level 5 in Axes
 28880 | D:14     | Found a gate to the Vaults.
 28931 | D:14     | Reached ****** piety under Qazlal
 28958 | Vaults:1 | Entered Level 1 of the Vaults
 30233 | Vaults:1 | Reached skill level 10 in Axes
 30664 | Vaults:2 | Reached XP level 19. HP: 183/183 MP: 19/28
 30791 | Vaults:2 | You fall into a shaft and drop 1 floor!
 31445 | Vaults:2 | Reached skill level 15 in Invocations
 31513 | Vaults:2 | Found a glowing silver altar of Zin.
 31545 | Vaults:2 | Found a glowing golden altar of the Shining One.
 31545 | Vaults:2 | Found a white marble altar of Elyvilon.
 32496 | Vaults:3 | Found a staircase to the Crypt.
 32979 | Vaults:3 | Lost mutation: You have sharp fingernails. [potion of
                  | mutation]
 32979 | Vaults:3 | Lost mutation: Your spells are a little harder to cast, but
                  | a little more powerful. [potion of mutation]
 32979 | Vaults:3 | Gained mutation: You passively map a small area around you.
                  | [potion of mutation]
 32979 | Vaults:3 | Gained mutation: You occasionally lose the ability to read
                  | scrolls when taking damage. [potion of mutation]
 32979 | Vaults:3 | Gained mutation: You are resistant to electric shocks.
                  | (rElec) [potion of mutation]
 32980 | Vaults:3 | Lost mutation: You are resistant to electric shocks.
                  | (rElec) [potion of mutation]
 32980 | Vaults:3 | Lost mutation: You passively map a small area around you.
                  | [potion of mutation]
 32980 | Vaults:3 | Lost mutation: You occasionally lose the ability to read
                  | scrolls when taking damage. [potion of mutation]
 32980 | Vaults:3 | Gained mutation: You are agile. (Dex +4, Str/Int -1)
                  | [potion of mutation]
 33050 | Vaults:3 | Found Gaczysch's Assorted Antiques.
 33627 | Vaults:3 | Bought a scroll of magic mapping for 352 gold pieces
 33627 | Vaults:3 | Bought a pair of masterwork boots for 446 gold pieces
 33627 | Vaults:3 | Identified the +1 pair of boots of Apliegho {rElec rCorr}
                  | (You bought it in a shop on level 3 of the Vaults)
 33784 | Vaults:3 | Reached XP level 20. HP: 195/195 MP: 30/30
 34021 | Crypt:1  | Entered Level 1 of the Crypt
 34671 | Crypt:1  | Lost mutation: You are agile. (Dex +4, Str/Int -1) [potion
                  | of mutation]
 34671 | Crypt:1  | Lost mutation: You are partially covered in iridescent
                  | scales. (AC +2) [potion of mutation]
 34671 | Crypt:1  | Gained mutation: Your flesh is cold resistant. (rC+)
                  | [potion of mutation]
 34671 | Crypt:1  | Gained mutation: Your flesh is heat resistant. (rF+)
                  | [potion of mutation]
 34671 | Crypt:1  | Gained mutation: Your spells are a little harder to cast,
                  | but a little more powerful. [potion of mutation]
 34671 | Crypt:1  | Gained mutation: You expend magic power (3 MP) to
                  | strengthen your wands. [potion of mutation]
 36106 | Vaults:4 | Found Imiw's Assorted Antiques.
 37716 | Slime:2  | Reached skill level 15 in Axes
 37903 | Slime:3  | Gained mutation: You sometimes lose your temper in combat.
                  | [a shining eye]
 37916 | Slime:3  | Lost mutation: You sometimes lose your temper in combat.
                  | [potion of mutation]
 37916 | Slime:3  | Lost mutation: Your spells are a little harder to cast, but
                  | a little more powerful. [potion of mutation]
 37916 | Slime:3  | Gained mutation: You have large cloven feet. [potion of
                  | mutation]
 37916 | Slime:3  | Gained mutation: Your spells are a little harder to cast,
                  | but a little more powerful. [potion of mutation]
 37916 | Slime:3  | Lost mutation: You have large cloven feet. [potion of
                  | mutation]
 37916 | Slime:3  | Gained mutation: Your flesh is very cold resistant. (rC++)
                  | [potion of mutation]
 37976 | Slime:4  | Reached XP level 21. HP: 139/206 MP: 26/32
 38154 | Slime:5  | Entered Level 5 of the Pits of Slime
 38240 | Slime:5  | Noticed the Royal Jelly
 38252 | Slime:5  | Killed the Royal Jelly
 39066 | Slime:5  | Found the +8 longbow "Zephyr" {speed, Dex+3 SInv}
 39120 | Slime:5  | Gained mutation: Your body sometimes deteriorates upon
                  | taking damage. [a shining eye]
 39135 | Slime:5  | Identified the ring of Kauxeuti {rF+ AC+4}
 39165 | Slime:5  | Got a slimy rune of Zot
 39192 | Slime:5  | Got the Directory of Transmigration
 39216 | Slime:5  | Identified the +1 robe of Lioku {Dex+4}
 39629 | D:14     | Found a sacrificial altar of Ru.
 39669 | D:14     | You fall into a shaft and drop 1 floor!
 39669 | D:15     | Entered Level 15 of the Dungeon
 39895 | D:15     | Found a staircase to the Depths.
 39900 | Depths:1 | Entered Level 1 of the Depths
 40008 | Depths:1 | Noticed Aizul
 40024 | Depths:1 | Killed Aizul
 40584 | Depths:1 | Found a gateway to Hell.
 40628 | Depths:1 | Found a one-way gateway to a ziggurat.
 40735 | Depths:1 | Found an iron altar of Okawaru.
 41204 | Depths:1 | Found Caffaj's Tremendous Tomes.
 41495 | Depths:2 | Found a one-way gate leading to the halls of Pandemonium.
 41620 | Depths:2 | Found Qupsow's Blood Bar.
 41974 | Depths:2 | Noticed a golden dragon
 41987 | Depths:2 | Killed a golden dragon
 42019 | Depths:2 | Reached XP level 22. HP: 197/217 MP: 33/33
 42493 | Hell     | Entered the Vestibule of Hell
 42493 | Hell     | Noticed Geryon
 42505 | Hell     | Killed Geryon
 42724 | Depths:3 | Paralysed by a floating eye for 4 turns
 42725 | Depths:3 | Noticed a golden dragon
 42740 | Depths:3 | Killed a golden dragon
 42811 | Depths:3 | Noticed an ancient lich
 42816 | Depths:3 | Killed an ancient lich
 42823 | Depths:3 | Noticed a golden dragon
 42838 | Depths:3 | Noticed a golden dragon
 42846 | Depths:3 | Killed a golden dragon
 42866 | Depths:3 | Noticed Margery
 42871 | Depths:3 | Killed a golden dragon
 42887 | Depths:3 | Paralysed by a floating eye for 2 turns
 42892 | Depths:3 | Killed Margery
 43242 | Depths:3 | Identified the ring of Amelioration {+Blink rC+ Will+
                  | Int+2}
 43612 | Depths:3 | Found a one-way gate to the infinite horrors of the Abyss.
 44282 | Depths:4 | Entered Level 4 of the Depths
 44321 | Depths:4 | Found a bloodstained altar of Trog.
 44908 | Depths:4 | Found Zoceax Ulett's Magic Scroll Shoppe.
 44915 | Depths:4 | Bought a scroll of magic mapping for 172 gold pieces
 44915 | Depths:4 | Bought a scroll of silence for 218 gold pieces
 44915 | Depths:4 | Bought a scroll of enchant weapon for 172 gold pieces
 44916 | Depths:4 | Noticed a caustic shrike
 44917 | Depths:4 | Noticed a caustic shrike
 44919 | Depths:4 | Noticed a caustic shrike
 44920 | Depths:4 | Noticed a caustic shrike
 44924 | Depths:4 | Noticed a caustic shrike
 44933 | Depths:4 | Killed a caustic shrike
 44939 | Depths:4 | Killed a caustic shrike
 44948 | Depths:4 | Killed a caustic shrike
 44958 | Depths:4 | Killed a caustic shrike
 44969 | Depths:4 | Killed a caustic shrike
 45669 | Depths:4 | Noticed Vv
 45709 | Depths:4 | Killed Vv
 46021 | Depths:4 | Reached XP level 23. HP: 176/227 MP: 34/34
 46172 | Depths:4 | Found a gate to the Realm of Zot.
 46783 | Vaults:5 | Entered Level 5 of the Vaults
 46786 | Vaults:5 | Noticed a dread lich
 47131 | Vaults:4 | Killed a dread lich
 47802 | Vaults:5 | Identified the +1 long sword "Pipnink" {drain, *Slow rN++
                  | Dex+5}
 48052 | Vaults:5 | Reached skill level 27 in Armour
 48059 | Vaults:5 | Noticed an ancient lich
 48387 | Vaults:5 | Killed an ancient lich
 48512 | Vaults:5 | Identified the amulet "Kigum" {Spirit Rampage rC+ Str+3
                  | Stlth+}
 48914 | Vaults:5 | Identified the +0 robe of Parlour Games {Int+2}
 49057 | Vaults:5 | Got the Writings on Mortuary Jinxing
 49170 | Vaults:5 | Got a silver rune of Zot
 49323 | Vaults:5 | Identified the ring "Hynyom" {Wiz rElec rPois rC- Slay-5}
 49467 | Vaults:5 | Identified the +5 fire dragon scales "Posauneh" {rF++ rC-
                  | Dex+5}
 49494 | Vaults:5 | Identified the +1 robe "Kumiom" {rF++ rC+}
 49671 | Vaults:5 | Identified the amulet of Vuutusch {Spirit Rampage rPois
                  | Int+5}
 50100 | Zot:1    | Entered Level 1 of the Realm of Zot
 50239 | Depths:4 | Reached XP level 24. HP: 112/239 MP: 21/35
 50859 | Elf:1    | Found a runed translucent door.
 50861 | Elf:1    | Noticed Ziureph's ghost (journeyman TrFi)
 50975 | Elf:1    | Killed Ziureph's ghost
 51038 | Elf:1    | Identified the +6 dagger of Subterfuge {protect, Dex+3}
 51491 | Elf:1    | Identified the +0 robe of the Engineer {-Cast rF+++ rN+++
                  | Will-}
 52281 | Elf:2    | Found a runed translucent gate.
 52281 | Elf:2    | Found a runed translucent gate.
 52283 | Elf:2    | Found a runed translucent gate.
 53105 | Elf:3    | Entered Level 3 of the Elven Halls
 53146 | Elf:3    | Paralysed by an air elemental for 1 turns
 53785 | Elf:3    | Noticed Donald
 53809 | Elf:3    | Killed Donald
 54093 | Elf:3    | Found the +3 hat of Pondering {ponderous, Will+ MP+10
                  | Int+5}
 54094 | Elf:3    | Found the brooch of Shielding {Spirit SH+8}
 54124 | Elf:3    | Identified the +8 lajatang "Akhluh" {vorpal, rN+++}
 54130 | Elf:3    | Identified the ring "Jomn" {Fly Str-4 Int+4 Stlth+}
 54167 | Elf:3    | Found the +3 pair of seven-league boots {Rampage+∞}
 54389 | Elf:3    | Identified the +0 dagger "Leriam" {elec, Stlth+}
 54393 | Elf:3    | Identified the amulet of Vilotat {Faith -Tele rElec Str+4}
 54397 | Elf:3    | Got Oxzihaodgh's Verses on Torrid Glamour
 54402 | Elf:3    | Identified the ring of Elyvilon, Hurling {rPois rF+ rN+
                  | Int-2 Slay+3}
 54933 | Abyss:2  | Cast into level 2 of the Abyss (reaper)
 55037 | Abyss:4  | Reached XP level 25. HP: 231/253 MP: 36/36
 55132 | Abyss:4  | Paralysed by accursed screaming for 1 turns
 55133 | Abyss:4  | Lost intelligence.
 55157 | Abyss:4  | Got an abyssal rune of Zot
 55174 | Abyss:4  | Reached skill level 5 in Staves
 55204 | Abyss:4  | Noticed an ancient lich
 55215 | Abyss:4  | Killed an ancient lich
 55222 | Abyss:4  | Paralysed by accursed screaming for 1 turns
 55240 | Hell     | Escaped the Abyss
 55460 | Hell     | Lost mutation: Your flesh is heat resistant. (rF+) [potion
                  | of mutation]
 55460 | Hell     | Lost mutation: Your spells are a little harder to cast, but
                  | a little more powerful. [potion of mutation]
 55460 | Hell     | Gained mutation: Your system is resistant to poisons.
                  | (rPois) [potion of mutation]
 55460 | Hell     | Lost intelligence.
 55460 | Hell     | Gained mutation: You are dopey. (Int -2) [potion of
                  | mutation]
 55460 | Hell     | Gained mutation: Your flesh is heat resistant. (rF+)
                  | [potion of mutation]
 55460 | Hell     | Gained mutation: You are resistant to electric shocks.
                  | (rElec) [potion of mutation]
 55464 | Hell     | Lost mutation: Your system is resistant to poisons. (rPois)
                  | [potion of mutation]
 55464 | Hell     | Lost mutation: Your flesh is very cold resistant. (rC++)
                  | [potion of mutation]
 55464 | Hell     | Lost mutation: You are dopey. (Int -2) [potion of mutation]
 55464 | Hell     | Gained mutation: Your spells are a little easier to cast,
                  | but a little less powerful. [potion of mutation]
 55464 | Hell     | Lost mutation: You are resistant to electric shocks.
                  | (rElec) [potion of mutation]
 55464 | Hell     | Gained mutation: You are partially covered in large bone
                  | plates. (SH +4) [potion of mutation]
 55494 | Hell     | Found a gateway to the ashen valley of Gehenna.
 55504 | Geh:1    | Entered Level 1 of Gehenna
 55574 | Geh:3    | Lost intelligence.
 56426 | Zot:1    | Identified the ring "Bobli" {Ice rElec rCorr Str+3 Int-5}
 56426 | Zot:1    | Noticed Josephina
 56441 | Zot:1    | Killed Josephina
 56746 | Zot:1    | Reached skill level 10 in Staves
 57612 | Zot:1    | Identified the +7 rapier of Darkness {pain, rCorr MP+9
                  | SInv}
 57808 | Zot:3    | Noticed a Killer Klown
 57825 | Zot:3    | Killed a Killer Klown
 57929 | Zot:3    | Lost mutation: You are partially covered in large bone
                  | plates. (SH +4) [potion of mutation]
 57929 | Zot:3    | Lost mutation: You expend magic power (3 MP) to strengthen
                  | your wands. [potion of mutation]
 57929 | Zot:3    | Lost mutation: Your body sometimes deteriorates upon taking
                  | damage. [potion of mutation]
 57929 | Zot:3    | Gained mutation: Your flesh is very heat resistant. (rF++)
                  | [potion of mutation]
 57929 | Zot:3    | Gained mutation: You are occasionally teleported next to
                  | monsters. [potion of mutation]
 57929 | Zot:3    | Gained mutation: You are partially covered in iridescent
                  | scales. (AC +2) [potion of mutation]
 57993 | Zot:3    | Identified the +5 trident of Jaaxeozo {venom, rElec Will+}
 57999 | Zot:3    | Noticed a dread lich
 58008 | Zot:3    | Noticed a dread lich
 58013 | Zot:3    | Killed a dread lich
 58026 | Zot:3    | Killed a dread lich
 58231 | Zot:3    | Reached skill level 27 in Fighting
 58300 | Zot:3    | Reached skill level 1 in Unarmed Combat
 58367 | Zot:4    | Lost mutation: You are occasionally teleported next to
                  | monsters. [potion of mutation]
 58367 | Zot:4    | Lost mutation: Your flesh is very heat resistant. (rF++)
                  | [potion of mutation]
 58367 | Zot:4    | Lost mutation: Your flesh is heat resistant. (rF+) [potion
                  | of mutation]
 58367 | Zot:4    | Gained mutation: Your mind is acute. (Int +4, Str/Dex -1)
                  | [potion of mutation]
 58367 | Zot:4    | Gained mutation: You are covered in fur. (AC +1) [potion of
                  | mutation]
 58388 | Zot:5    | Entered Level 5 of the Realm of Zot
 58561 | Zot:5    | Noticed an orb of fire
 58576 | Zot:5    | Gained mutation: Your spells are easier to cast, but less
                  | powerful. [an orb of fire]
 58577 | Zot:5    | Killed an orb of fire
 58578 | Zot:5    | Reached XP level 26. HP: 192/266 MP: 36/36
 58890 | Zot:4    | Reached skill level 5 in Unarmed Combat
 59552 | Zot:5    | Noticed an orb of fire
 59574 | Zot:5    | Gained mutation: You occasionally lose the ability to drink
                  | potions when taking damage. [an orb of fire]
 59582 | Zot:5    | Gained mutation: Your body sometimes deteriorates upon
                  | taking damage. [an orb of fire]
 59583 | Zot:5    | Killed an orb of fire
 59618 | Zot:5    | Reached skill level 15 in Staves
 59710 | Zot:5    | Noticed an ancient lich
 59716 | Zot:5    | Paralysed by a Zot trap for 2 turns
 59725 | Zot:5    | Killed an ancient lich
 59846 | Zot:5    | Got the Orb of Zot
 59855 | Zot:5    | Noticed an orb of fire
 59980 | Zot:2    | Noticed an orb of fire
 59982 | Zot:2    | Gained mutation: You have hidden genetic defects. [an orb
                  | of fire]
 59984 | Zot:2    | Gained mutation: You are weak. (Str -2) [an orb of fire]
 59989 | Zot:2    | Killed an orb of fire
 60490 | D:$      | Escaped with the Orb!

Illustrated notes

Levels and vault maps discovered:
D:1:      minmay_arrival_solitary_statue, layout_basic, minmay_tetromino_t4
D:2:      layout_basic, kennysheep_path_1
D:3:      layout_loops_ring
D:4:      layout_rooms, old_standard_altar, nicolae_tso_carved_into_rock,
          serial_shops, nicolae_shop_statue_plus, shop, nicolae_eternal_life,
          minivault_19, uniq_duvessa, uniq_grinder
D:5:      layout_loops_ring, old_standard_altar, serial_aquarium,
          aquarium_bridge_straight [aquarium_subvault_bridge,
          aquarium_subvault_wall, aquarium_subvault_bridge,
          aquarium_subvault_window], aquarium_window_fake, aquarium_window_2,
          aquarium_view_2b, aquarium_balcony_double_3, aquarium_pool_2,
          serial_shops, shop
D:6:      layout_loops_corners, serial_shops, nicolae_shop_hallway_stairs,
          grunt_decor_junction
D:7:      layout_loops_ring, minmay_temple_entry_drinking_statues, uniq_pikel
D:8:      layout_layer_cave, nicolae_wu_jian_wuxing_cycle, erik_lair_island
D:9:      minmay_the_grid_square_5x5_4x4 [minmay_the_grid_square_5x5_shrine2,
          minmay_the_grid_square_5x5_trominoes,
          minmay_the_grid_square_5x5_broken_cross,
          minmay_the_grid_square_5x5_checkered,
          minmay_the_grid_square_5x5_inset,
          minmay_the_grid_square_5x5_prize_rear_guard,
          minmay_the_grid_square_5x5_prize_monsterx,
          minmay_the_grid_square_5x5_detours,
          minmay_the_grid_square_5x5_almost_minimal,
          minmay_the_grid_square_5x5_prize_waves,
          minmay_the_grid_square_5x5_prize_junk,
          minmay_the_grid_square_5x5_hourglass,
          minmay_the_grid_square_5x5_spiral_small, minmay_the_grid_square_5x5_v,
          minmay_the_grid_square_5x5_minivault,
          minmay_the_grid_square_5x5_one_wall], layout_irregular_city,
          chequers_temple_overflow_statue_of_worship, lightli_minifort
D:10:     layout_irregular_city, uniq_lodul, uniq_snorg
D:11:     layout_basic, serial_bayou_ford_a, kennysheep_slug_shrine, uniq_urug
D:12:     layout_cave_pools, minmay_orc_entry_temple_small, serial_shops,
          nicolae_shop_window_shopping, grunt_ministairs_3,
          minmay_guarded_unrand_resistance
D:13:     layout_roguey, enter_trove_2, minmay_misc_feat_rows, minmay_bent
D:14:     cheibrodos_leafed_vault, layout_irregular_city, david_vaults_4,
          nicolae_ru_sacrificial_ziggurat, uniq_jorgrun
D:15:     hangedman_depths_entry_try_elsewhere_first, layout_gridville,
          minmay_door_square, st_stairs_4
Temple:   nicolae_temple_x_marks_the_god
Lair:1:   layout_small_grid, minivault_19
Lair:2:   layout_regular_city, minmay_swamp_entry_wisps,
          spider_nest_entry_funnel_web, ebering_ghost_reflecting_pool,
          portal_ice_cave_entry_ice_simulacra, minivault_26, lemuel_fruit_tree
Lair:3:   beast_lair_carwin_large_1, layout_cave_pods, pdpol_lair_cavern_descent
Lair:4:   layout_regular_city, slime_entry_1, gauntlet_entry_generic,
          basic_altar
Lair:5:   grunt_lair_end_beastmaster, layout_cave_shapes,
          kilobyte_rumbling_trees, uniq_rupert
Swamp:1:  layout_basic_swamp, nicolae_swamp_oxbows, swamp_pool2,
          infiniplex_staircase_pool, uniq_louise
Swamp:2:  layout_basic_swamp, basic_altar, grunt_witch_cave
Swamp:3:  layout_basic_swamp, infiniplex_staircase_pool_2
Swamp:4:  swamp, layout_basic_swamp
Spider:1: layout_spider_delve, nicolae_spider_twisty_arc_passages
Spider:2: layout_chambers, drop_trap, nicolae_spider_nooks_and_crannies,
          uniq_arachne
Spider:3: layout_spider_delve, drop_trap
Spider:4: spider_rune_water
Slime:1:  layout_caves
Slime:2:  layout_caves
Slime:3:  layout_caves
Slime:4:  layout_caves
Slime:5
Orc:1:    layout_diamond_mine
Orc:2:    st_orc_elflike, layout_caves, david_defended_altar_orc
Elf:1:    eino_elf_arrival_sip, layout_loops_corners, ebering_ghost_inner_flame,
          hangedman_elven_crosses_minicolossus
Elf:2:    elven_hall_of_blades_hangedman_original
          [nicolae_blade_entry_diamond_columns], layout_gridlike,
          nicolae_elf_big_sculpture_2
Elf:3:    minmay_elf_hall_four_x, layout_geoelf_diagonals,
          roderic_lattice_octagonal_star, uniq_donald
Vaults:1: v_misc_24, hangedman_vaults_variations, nicolae_vaults_what_the_h,
          v_misc_28, hangedman_vaults_stitches, nicolae_vaults_little_squares_1,
          vaults_standard_mumra_lines, vaults_room_octagon,
          hangedman_vaults_capsules, hangedman_vaults_stretched_pinwheel,
          v_misc_19, layout_vaults_omnicross
Vaults:2: portal_desolation_entry_holy_temple, nicolae_vaults_circle_grid_a,
          ontoclasm_vaults_fault, v_rooms_1, v_misc_32,
          nicolae_vaults_shelves_hall, vaults_mumra_hex, v_misc_14, v_misc_9,
          v_alt_pattern_2, grunt_vaults_hallway_short,
          nicolae_vaults_border_crossing, vaults_room_semicircle,
          nicolae_vaults_asterisk, layout_vaults_maze_bifur
Vaults:3: hangedman_vaults_snaps, ontoclasm_vaults_ring_square, v_misc_24,
          blue_anna_dwarven_crypt, v_alt_pattern_5, v_misc_10, v_misc_17,
          ontoclasm_vaults_eye, hangedman_vaults_river_flow,
          vaults_room_corners, layout_vaults_chaotic_city, serial_shops, shop
Vaults:4: vaults_standard_mumra_x, vaults_standard_mumra_enter_the_diamond,
          hangedman_vaults_maws, v_misc_17, hangedman_vaults_locks,
          nicolae_vaults_ring_of_whatevers, vaults_room_corners,
          nicolae_vaults_shelves_hall, ontoclasm_vaults_idyll,
          layout_vaults_omnigrid, serial_shops, shop
Vaults:5
Crypt:1:  layout_gridlike, serial_co_window_serial, co_window_of_opportunity_a,
          co_window_paths_b, co_window_paths_a, co_window_paths_b,
          co_window_paths_a, co_window_of_opportunity_a,
          co_window_unsneaky_path_d, co_window_unsneaky_path_d,
          co_window_2corner, co_window_broadway_a, co_window_2corner,
          glass_columns_a, glass_columns_b, glass_columns_b, glass_columns_b,
          glass_columns_c
Crypt:2:  layout_chaotic_city, gammafunk_ghost_abyssal_escape,
          hellmonk_scarab_ruin
Depths:1: layout_gridlike, enter_ziggurat_e, hangedman_decor_push, hell_entry,
          serial_sigils_hangedman_snap, nicolae_shop_i_like_big_books,
          okawaru_trees_2, grunt_megastairs_2, uniq_aizul
Depths:2: hangedman_stitches_corridor, layout_gridlike,
          pf_hell_entry_tar_spiral, serial_bayou_shore_b,
          rand_demon_pan_entry_8, guppyfry_shop_blood
Depths:3: minmay_central_circle, layout_gridville, hell_entry,
          nrook_mini_vaults, abyss_entry, uniq_margery
Depths:4: grunt_zot_entry_pinwheel, layout_gridlike, serial_shops,
          shop_fountains, bloody_trog, pf_coc_iceberg, uniq_vv
Hell
Geh:1:    layout_gehenna_lava_caves
Geh:2:    layout_gehenna_pools_basic
Geh:3:    layout_gehenna_pools_triple
Zot:1:    layout_cathedral_of_symmetry, uniq_josephina
Zot:2:    layout_misc_corridors
Zot:3:    hellmonk_paralyzer, layout_cathedral_of_symmetry
Zot:4:    layout_onion_interference, st_single_dragon_hoard_2
Zot:5:    layout_twisted_circle

Skill      XL: |  1  2  3  4  5  6  7  8  9 10 11 12 13 14 15 16 17 18 19 20 21 22 23 24 25 26 |
---------------+-------------------------------------------------------------------------------+-----
Shields        | 4 5 7 9 13 15 16 17 | 17.9
Fighting       | 4 5 6 8 10 11 12 13 14 16 17 19 20 21 22 23 24 26 27 | 27.0
Armour         | 4 6 8 9 10 11 12 14 15 17 19 20 21 22 24 25 27 | 27.0
Maces & Flails | 3 4 5 7 9 10 11 12 13 14 15 17 18 20 | 20.8
Invocations    | 1 2 3 4 6 7 9 10 11 12 13 14 15 16 17 18 20 21 22 | 22.0
Evocations     | 2 3 6 7 8 9 |  9.0
Dodging        | 3 6 9 |  9.4
Throwing       | 4 6 |  6.0
Axes           | 3 10 13 15 16 | 16.0
Staves         | 3 13 16 | 16.5
Unarmed Combat | 3 5 |  5.4

Action                   |  1- 3 |  4- 6 |  7- 9 | 10-12 | 13-15 | 16-18 | 19-21 | 22-24 | 25-27 || total
-------------------------+-------+-------+-------+-------+-------+-------+-------+-------+-------++-------
Melee: Flail             |    79 |   150 |   141 |       |       |       |       |       |       ||   370
       Headbutt          |    12 |    19 |    44 |   131 |   245 |   387 |   635 |   490 |   350 ||  2313
       Demon whip        |       |       |   141 |   668 |  1009 |  1273 |  1815 |  1611 |   106 ||  6623
       Whip              |       |       |    24 |       |       |       |       |       |       ||    24
       Executioner's axe |       |       |       |       |       |   117 |       |       |       ||   117
       Lajatang          |       |       |       |       |       |       |       |    35 |   820 ||   855
Throw: Dart              |       |       |     4 |     9 |     3 |       |       |       |       ||    16
Invok: Upheaval          |       |       |       |     2 |     7 |    14 |    27 |    17 |    13 ||    80
       Elemental Force   |       |       |       |     1 |     7 |     5 |     8 |     6 |     1 ||    28
       Disaster Area     |       |       |       |       |     2 |     6 |     2 |     5 |     3 ||    18
Evoke: Wand              |       |       |     4 |     3 |     8 |       |    10 |     1 |     7 ||    33
       Piece from Xom's  |       |       |       |     1 |     2 |       |       |       |       ||     3
  Use: Scroll            |       |     4 |    14 |     9 |     8 |    10 |     8 |     8 |    12 ||    73
       Potion            |       |       |     5 |     3 |     5 |     8 |    17 |     4 |    21 ||    63
 Stab: Petrified         |       |       |       |       |    13 |     2 |       |       |       ||    15
       Paralysed         |       |       |       |       |     1 |     6 |     6 |     7 |     1 ||    21
       Distracted        |       |       |       |       |       |     1 |     1 |       |     1 ||     3
       Petrifying        |       |       |       |       |       |     2 |       |       |       ||     2
Armor: Scale mail        |    39 |    89 |       |       |       |       |       |       |       ||   128
       Plate armour      |       |    18 |   248 |   224 |   253 |       |       |       |       ||   743
       Skin              |       |       |     8 |       |       |       |       |       |       ||     8
       Gold dragon scale |       |       |       |       |   162 |   812 |   764 |   668 |   850 ||  3256
Dodge: Dodged            |    26 |    67 |    64 |    83 |   117 |   226 |   293 |   217 |   267 ||  1360
       Repelled          |       |       |       |       |     2 |     8 |    12 |    23 |    14 ||    59
Block: Buckler           |    18 |    49 |    35 |       |       |       |       |       |       ||   102
       Kite shield       |       |       |    98 |   368 |   313 |   288 |  1314 |  1148 |   110 ||  3639
       Tower shield      |       |       |       |       |   421 |  1235 |       |       |       ||  1656
       Other             |       |       |       |       |       |    58 |       |     9 |   196 ||   263
       Reflection        |       |       |       |       |       |       |     1 |    34 |       ||    35

Table legend: (Time is in decaauts)
 A = Elapsed time spent in this place.
 B = Non-inter-level travel time spent in this place.
 C = Inter-level travel time spent in this place.
 D = Time resting spent in this place.
 E = Time spent auto-exploring this place.
 F = Levels seen in this place.
 G = Mean time per level.
                   A        B        C        D        E       F      G
               +--------+--------+--------+--------+--------+-----+--------+
         Total |  58026 |  52969 |   5057 |   5367 |  34416 |  63 |  921.0 |
       Dungeon |  13997 |  12228 |   1769 |    162 |   9088 |  15 |  933.1 |
        Temple |     61 |     54 |      7 |      0 |     46 |   1 |   61.0 |
          Lair |   5696 |   5003 |    693 |     99 |   3828 |   5 | 1139.2 |
         Swamp |   3679 |   3476 |    203 |    183 |   2428 |   4 |  919.8 |
   Spider Nest |   4731 |   4554 |    177 |    468 |   2863 |   4 | 1182.8 |
    Slime Pits |   1487 |   1436 |     51 |    877 |      0 |   5 |  297.4 |
  Orcish Mines |   1375 |   1039 |    336 |      0 |    818 |   2 |  687.5 |
   Elven Halls |   4043 |   3768 |    275 |    229 |   2709 |   3 | 1347.7 |
        Vaults |   9457 |   8746 |    711 |   1155 |   5717 |   5 | 1891.4 |
         Crypt |   1372 |   1311 |     61 |    237 |    787 |   2 |  686.0 |
        Depths |   7358 |   6730 |    628 |    959 |   4560 |   4 | 1839.5 |
          Hell |    180 |    179 |      1 |     35 |      0 |   1 |  180.0 |
       Gehenna |    130 |    130 |      0 |      6 |      0 |   3 |   43.3 |
           Zot |   3800 |   3658 |    142 |    911 |   1484 |   5 |  760.0 |
         Abyss |    281 |    281 |      0 |      0 |      4 |   3 |   93.7 |
      Gauntlet |    372 |    372 |      0 |     44 |     80 |   1 |  372.0 |
               +--------+--------+--------+--------+--------+-----+--------+

Top non-repeatable levels by time:
Depths:4: 2545 daAuts
Vaults:4: 2488 daAuts
Vaults:3: 1989 daAuts
Vaults:1: 1889 daAuts
Depths:1: 1799 daAuts
Depths:3: 1773 daAuts
Vaults:5: 1723 daAuts
   Zot:1: 1721 daAuts
Spider:2: 1564 daAuts
     D:8: 1545 daAuts
   Elf:3: 1498 daAuts
  Lair:2: 1481 daAuts
   Elf:1: 1393 daAuts
Vaults:2: 1366 daAuts
     D:9: 1299 daAuts
